 Dungeon Crawl Stone Soup version 0.30.1 (webtiles) character file.

Game seed: 7815596855865444752

1618 Graphine the Cleaver (level 8, 0/71 HPs)
             Began as a Hill Orc Fighter on July 6, 2023.
             Was an Initiate of Ashenzari.
             Slain by an ice beast (13 damage)
             ... on level 6 of the Dungeon.
             The game lasted 00:10:45 (5131 turns).

Graphine the Cleaver (Hill Orc Fighter)             Turns: 5131, Time: 00:10:46

Health: 0/71       AC: 13    Str: 21    XL:     8   Next: 96%
Magic:  8/8        EV:  6    Int:  8    God:    Ashenzari [......]
Gold:   270        SH:  5    Dex: 10    Spells: 7/7 levels left

rFire   . . .        a - +0 war axe
rCold   . . .        c - +0 buckler
rNeg    . . .        p - +1 plate armour "Shattered With Me" {Fort, Evo} (curse)
rPois   .            (no helmet)
rElec   .            (no cloak)
rCorr   .            (no gloves)
SInv    .            (no boots)
Will    .....        (no amulet) Stlth
                     (no ring)
HPRegen 0.31/turn    (no ring)
MPRegen 0.11/turn

%: no passive effects
@: studying Staves
A: no striking features
a: Renounce Religion, Curse Item, Shatter the Chains


You were on level 6 of the Dungeon.
You worshipped Ashenzari.
Ashenzari was noncommittal.
You visited 1 branch of the dungeon, and saw 6 of its levels.

You collected 270 gold pieces.

Inventory:

Hand Weapons
 a - a +0 war axe (weapon)
Armour
 c - a +0 buckler (worn)
 p - the cursed +1 plate armour "Shattered With Me" (worn) {Fort, Evo}
   (You found it on level 2 of the Dungeon)

   It has a curse which improves the following skills: Fortitude: Armour and
   Shields.
   Evocations: Evocations.
Wands
 n - a wand of flame (8)
 q - a wand of light (1)
Scrolls
 i - a scroll of identify
 k - a scroll of fog
 m - a scroll of teleportation
 s - a scroll of poison
 t - a scroll of enchant armour
Potions
 b - 2 potions of mutation
 d - 4 potions of might
 e - a potion of flight {unknown}
 g - 2 potions of heal wounds {unknown}
 h - a potion of invisibility {unknown}
 j - 2 potions of haste
 l - a potion of degeneration {unknown}
 o - a potion of lignification {unknown}
 r - a potion of ambrosia {unknown}


   Skills:
 + Level 6.6 Fighting
 * Level 9.1 Axes
 + Level 6.0(6.4) Armour
 + Level 6.0(6.4) Shields
 + Level 3.1(3.5) Evocations


You had 7 spell levels left.
You didn't know any spells.
Your spell library contained the following spells:

 Spells                   Type           Power      Damage    Failure   Level
 Apportation              Tloc           0%         N/A       100%        1
 Necrotise                Necr           0%         1d4       100%        1
 Summon Small Mammal      Summ           0%         N/A       100%        1


Dungeon Overview and Level Annotations

Branches:
Dungeon (6/15)
 Temple: D:4-7

Altars:
Ashenzari
Fedhas
Hepliaklqana
Makhleb
Nemelex Xobeh
Uskayaw
Wu Jian
Xom

Shops:
D:2 (


Message History

The steam dragon barely misses you. The steam dragon breathes steam at you.
The ball of steam hits you.
* * * LOW HITPOINT WARNING * * *
Your surroundings suddenly seem different.
Found a shimmering altar of Xom and a hazy altar of Hepliaklqana.
The iguana hisses angrily.
There is a shimmering altar of Xom here.
You start resting.
An ice beast comes into view.
The iguana hisses menacingly.
There is an open door here.
The ice beast hits you.
* * * LOW HITPOINT WARNING * * *
The ice beast freezes you!
* * * LOW HITPOINT WARNING * * *
You feel better. The ice beast completely misses you.
Cleave: a) +0 war axe
Press: ? - help, Dir - move target, f - ice beast
Aim: an ice beast (about 38% to evade your +0 war axe)
You hit the ice beast.
The ice beast is moderately wounded.
The ice beast barely misses you.
Unknown command.
Cleave: a) +0 war axe
Press: ? - help, Dir - move target, f/p - ice beast
Aim: an ice beast (moderately wounded, about 38% to evade your +0 war axe)
You hit the ice beast but do no damage.
The ice beast is moderately wounded.
You block the ice beast's attack.
The ice beast hits you but does no damage.
Cleave: a) +0 war axe
Press: ? - help, Dir - move target, f/p - ice beast
Aim: an ice beast (moderately wounded, about 38% to evade your +0 war axe)
You slash the ice beast!
The ice beast is heavily wounded.
The ice beast hits you.
* * * LOW HITPOINT WARNING * * *
The ice beast freezes you!
You die...

#### ##.##
.'.##l#ยง##
#.#####Z#
#..._#f# #.8.##
#_Y.### ###...#
###Y# #@.#
...............#
######......##..
#.###### .. ###
. .# .. ##


You could see an ice beast.

Vanquished Creatures
  Sigmund (D:2)
  A yak (D:5)
  A wyvern (D:5)
  Menkaure (D:5)
  A water moccasin (D:5)
  A black bear (D:4)
  A phantom (D:4)
  A gnoll sergeant (D:5)
  A necrophage (D:6)
  A scorpion (D:5)
  A hound (D:5)
  4 orc priests
  A jelly (D:5)
  Natasha (thrice) (D:2)
  Terence (D:3)
  3 iguanas
  An orc wizard (D:3)
  A hound skeleton (D:6)
  9 adders
  3 gnolls (D:5)
  A white imp (D:5)
  A worm (D:4)
  3 dart slugs
  19 orcs
  5 ball pythons
  3 bats
  7 endoplasms
  2 giant cockroaches
  2 goblins (D:1)
  3 hobgoblins
  3 kobolds
  3 quokkas
  2 frilled lizards
  4 rats
95 creatures vanquished.

Notes
Turn   | Place    | Note
-------+----------+-------------------------------------------
     0 | D:1      | Graphine the Hill Orc Fighter began the quest for the Orb.
     0 | D:1      | Reached XP level 1. HP: 19/19 MP: 1/1
    39 | D:1      | Reached skill level 3 in Axes
    86 | D:1      | Reached XP level 2. HP: 25/27 MP: 2/2
   622 | D:1      | You fall into a shaft and drop 1 floor!
   641 | D:2      | Noticed Natasha
   647 | D:2      | Killed Natasha
   648 | D:2      | Reached XP level 3. HP: 26/33 MP: 3/3
   668 | D:2      | Noticed Natasha
   680 | D:2      | Killed Natasha
   681 | D:2      | Reached skill level 4 in Axes
   681 | D:2      | Reached XP level 4. HP: 32/40 MP: 4/4
   980 | D:2      | Found Lokiy's Weapon Emporium.
  1280 | D:2      | Noticed Sigmund
  1287 | D:2      | Killed Sigmund
  1288 | D:2      | Reached skill level 5 in Axes
  1288 | D:2      | Reached XP level 5. HP: 47/47 MP: 5/5
  1288 | D:2      | Reached XP level 6. HP: 55/55 MP: 6/6
  1326 | D:2      | Noticed Natasha
  1339 | D:2      | Killed Natasha
  1919 | D:3      | Found a broken altar of Ashenzari.
  1934 | D:3      | Became a worshipper of Ashenzari the Shackled
  1986 | D:3      | Reached skill level 5 in Fighting
  2208 | D:3      | Reached skill level 6 in Axes
  2381 | D:3      | Found an ornate altar of the Wu Jian Council.
  2520 | D:3      | Noticed Terence
  2525 | D:3      | Killed Terence
  3165 | D:4      | Found a hide-covered altar of Uskayaw.
  3247 | D:4      | Reached XP level 7. HP: 51/61 MP: 7/7
  3382 | D:4      | Reached skill level 1 in Evocations
  3589 | D:5      | Entered Level 5 of the Dungeon
  3589 | D:5      | Found a sparkling altar of Nemelex Xobeh.
  3615 | D:5      | Reached skill level 7 in Axes
  3615 | D:5      | Reached skill level 5 in Armour
  3657 | D:5      | Reached skill level 5 in Shields
  3663 | D:5      | HP: 3/61 [poisoned by a scorpion]
  3874 | D:5      | Noticed Menkaure
  3883 | D:5      | Killed Menkaure
  4111 | D:5      | Reached XP level 8. HP: 31/70 MP: 8/8
  4202 | D:5      | Reached skill level 8 in Axes
  4206 | D:5      | Noticed a yak
  4222 | D:5      | Killed a yak
  4406 | D:5      | Noticed a wyvern
  4417 | D:5      | Killed a wyvern
  4948 | D:6      | Found a burning altar of Makhleb.
  4969 | D:6      | Reached skill level 9 in Axes
  5024 | D:6      | Found a blossoming altar of Fedhas.
  5098 | D:6      | Found a shimmering altar of Xom.
  5098 | D:6      | Found a hazy altar of Hepliaklqana.
  5098 | D:6      | Noticed a spectral ugly thing
  5127 | D:6      | HP: 3/71 [ice beast (11)]
  5131 | D:6      | Slain by an ice beast

Illustrated notes

Levels and vault maps discovered:
D:1:      dpeg_arrival_windows_large_door, layout_basic
D:2:      layout_basic, serial_shops, nicolae_shop_real_fake_doors,
          uniq_sigmund, uniq_natasha
D:3:      layout_basic, evilmike_ruin_ashenzari, nzn_wu_jian_council_hall,
          minmay_misc_feat_columns, uniq_terence
D:4:      layout_rooms, amcnicky_altar_gilded
D:5:      layout_basic, lemuel_crystal_altar, minmay_manual_mandibuliform,
          uniq_menkaure
D:6:      layout_rooms, regret_index_temple_of_mockery,
          mainiacjoe_overflow_brackets, makhleb_blood_cavern_becter,
          mainiacjoe_overflow_cross_hatched, minmay_temple_entry_from_below_a

Skill      XL: |  1  2  3  4  5  6  7  8 |
---------------+-------------------------+-----
Axes           | 3 4 5 6 7 9 |  9.1
Fighting       | 4 5 6 |  6.6
Armour         | 4 5 6 |  6.0
Shields        | 4 5 6 |  6.0
Evocations     | 2 3 |  3.1

Action                     |  1- 3 |  4- 6 |  7- 9 || total
---------------------------+-------+-------+-------++-------
  Melee: War axe           |    42 |   140 |   188 ||   370
 Invoke: Curse Item        |       |     1 |       ||     1
  Evoke: Wand              |       |     1 |     4 ||     5
    Use: Potion            |       |     1 |     2 ||     3
         Scroll            |       |     8 |     6 ||    14
   Stab: Invisible         |       |       |     5 ||     5
 Armour: Scale mail        |    10 |     8 |       ||    18
         Plate armour      |       |    79 |   102 ||   181
  Dodge: Dodged            |    20 |    45 |    57 ||   122
  Block: Buckler           |     7 |    38 |    53 ||    98
